 Dungeon Crawl Stone Soup version 0.28-a0-268-g3f656e82c2 (webtiles) character file.

Game seed: 8976384659669075775

190 Spaninq the Chopper (level 5, 0/41 HPs)
             Began as a Demonspawn Warper on Aug 28, 2021.
             Shot with a bolt by a kobold (8 damage)
             ... on level 4 of the Dungeon.
             The game lasted 00:06:53 (3210 turns).

Spaninq the Chopper (Demonspawn Warper)             Turns: 3210, Time: 00:06:54

Health: 0/41       AC: 10    Str: 13    XL:     5   Next: 41%
Magic:  6/8        EV: 14    Int: 14    God:
Gold:   177        SH:  0    Dex: 12    Spells: 6/8 levels left

rFire   . . .      SeeInvis .   a - +0 hand axe
rCold   . . .      Faith    .   (no shield)
rNeg    . . .      Spirit   .   m - +0 ring mail
rPois   .          Reflect  .   h - +0 helmet
rElec   .          Harm     .   (no cloak)
rCorr   .          Rampage  .   (no gloves)
Will    .....                   (no boots)
Stlth   +.........              (no amulet)
HPRegen 0.13/turn               l - +4 ring of evasion
MPRegen 0.22/turn               j - +4 ring of protection

@: brilliant
A: demonic guardian 2, magic regeneration
a: no special abilities


You were on level 4 of the Dungeon.
You visited 1 branch of the dungeon, and saw 4 of its levels.

You collected 177 gold pieces.

Inventory:

Hand Weapons
 a - a +0 hand axe (weapon)
Missiles
 d - 5 boomerangs of dispersal
 e - 2 javelins
 f - 28 poisoned darts (quivered)
Armour
 h - a +0 helmet (worn)
 m - a +0 ring mail (worn)
 r - a +0 pair of gloves
Magical Staves
 i - a staff of conjuration
Jewellery
 j - a +4 ring of protection (right hand)
 l - a +4 ring of evasion (left hand)
 n - a ring of fire
Scrolls
 b - a scroll of teleportation {unknown}
 c - 2 scrolls of blinking
 k - a scroll of magic mapping {unknown}
 o - a scroll of amnesia {unknown}
 p - 2 scrolls of identify {unknown}
Potions
 g - a potion of heal wounds {unknown}


   Skills:
 + Level 3.2 Fighting
 * Level 3.9 Axes
 - Level 0.8 Throwing
 + Level 2.4 Armour
 - Level 1.7 Dodging
 - Level 2.0 Spellcasting
 - Level 2.6 Translocations


You had 6 spell levels left.
You knew the following spells:

 Your Spells              Type           Power      Damage    Failure   Level
a - Blink                 Tloc           N/A        N/A       24%         2

Your spell library contained the following spells:

 Spells                   Type           Power      Damage    Failure   Level
 Freeze                   Ice            8%         1d3       43%         1
 Gell's Gravitas          Tloc           6%         N/A       43%         3
 Lesser Beckoning         Tloc           6%         N/A       43%         3
 Teleport Other           Tloc           13%        N/A       43%         3
 Frozen Ramparts          Ice            4%         1d2       82%         3
 Hailstorm                Conj/Ice       2%         3d3       99%         4
 Manifold Assault         Tloc           13%        N/A       99%         5


Dungeon Overview and Level Annotations

Branches:
Dungeon (4/15)
 Temple: D:4-7

Altars:
Gozag
Hepliaklqana
Sif Muna
Trog
Wu Jian
Beogh

Shops:
D:2 ?

Annotations:
D:3 3 runed translucent doors, CraigForest's ghost, weakling DsTm
D:4 Menkaure


Innate Abilities, Weirdness & Mutations

A demonic guardian rushes to your aid.
You regenerate magic rapidly.


Message History

The lemure barely misses your ice devil.
The jelly hits you but does no damage. The ogre barely misses you.
Your ice devil hits the jelly!
Your ice devil freezes the jelly!
The jelly dies!
A lemure comes into view.
The lemure hits your ice devil but does no damage.
Your ice devil hits the lemure!
Your ice devil freezes the lemure!
The lemure barely misses your ice devil.
Your ice devil hits the lemure.
Your ice devil freezes the lemure!
The lemure dies!
You hit the ogre.
The ogre is severely wounded.
Your ice devil barely misses the ogre.
The ogre hits you but does no damage.
You hit the ogre but do no damage.
The ogre is severely wounded.
The kobold shoots a bolt.
The bolt hits your ice devil but does no damage.
Your ice devil hits the ogre.
Your ice devil freezes the ogre!
The ogre dies!
It was a potion of brilliance.
You feel clever all of a sudden.
The kobold shoots a bolt.
The bolt misses your ice devil. The bolt closely misses you.
You barely miss the hobgoblin.
The hobgoblin is lightly wounded.
The kobold shoots a bolt.
The bolt hits your ice devil. The hobgoblin barely misses you.
Your ice devil hits the hobgoblin but does no damage.
The kobold shoots a bolt.
The bolt hits your ice devil but does no damage.
You barely miss the hobgoblin.
The hobgoblin is lightly wounded.
The hobgoblin closely misses you.
Your ice devil hits the hobgoblin!
The hobgoblin dies!
The kobold shoots a bolt.
The bolt hits your ice devil!
Your magical contamination has completely faded away.
You hit Menkaure but do no damage. Menkaure barely misses you.
Your ice devil barely misses Menkaure.
The kobold shoots a bolt.
The bolt barely misses your ice devil. The bolt hits you!
You die...

# #.#.#
#...5.####
#....K.#
#..###4###
#.. #@M.#
#.# ###.#
#.. #M..#
+.####.###
+.O..g.#
#.######
#.# #.#
##O#


You could see Menkaure (fast, ally target), a kobold and a friendly ice devil
(summoned).

Vanquished Creatures
  Natasha (thrice) (D:3)
  An adder skeleton (D:4)
  4 ball pythons (D:2)
  8 endoplasms
  6 giant cockroaches
  4 goblins
  6 hobgoblins
  5 jackals
  4 kobolds
  A quokka (D:2)
  4 bats
  4 frilled lizards
  9 rats
59 creatures vanquished.

Vanquished Creatures (collateral kills)
  An ogre (D:4)
  A lemure (D:4)
  A jelly (D:4)
  An endoplasm (D:1)
  2 hobgoblins
  A kobold (D:1)
7 creatures vanquished.

Vanquished Creatures (others)
  A fungus (D:3)
1 creature vanquished.

Grand Total: 67 creatures vanquished

Notes
Turn   | Place    | Note
-------+----------+-------------------------------------------
     0 | D:1      | Spaninq the Demonspawn Warper began the quest for the Orb.
     0 | D:1      | Reached XP level 1. HP: 16/16 MP: 3/3
   192 | D:1      | Reached skill level 1 in Armour
   387 | D:1      | Gained mutation: A weak demonic guardian rushes to your
                  | aid. [demonic ancestry]
   387 | D:1      | Reached XP level 2. HP: 21/22 MP: 5/5
  1412 | D:2      | Gained mutation: You regenerate magic rapidly. [demonic
                  | ancestry]
  1412 | D:2      | Reached XP level 3. HP: 27/28 MP: 6/6
  1517 | D:2      | Learned a level 2 spell: Blink
  1735 | D:2      | Found Kapuagent's Magic Scroll Emporium.
  1835 | D:2      | Noticed a golden eye
  1844 | D:2      | Found a faded altar of an unknown god.
  1846 | D:2      | Noticed an eye of devastation
  1846 | D:2      | Noticed a floating eye
  1846 | D:2      | Noticed a floating eye
  2099 | D:3      | Found an opulent altar of Gozag.
  2277 | D:3      | Found a bloodstained altar of Trog.
  2433 | D:3      | Noticed Natasha
  2445 | D:3      | Killed Natasha
  2446 | D:3      | Reached XP level 4. HP: 29/34 MP: 7/7
  2498 | D:3      | Found a shimmering blue altar of Sif Muna.
  2515 | D:3      | Found a runed translucent gate.
  2515 | D:3      | Noticed CraigForest's ghost (weakling DsTm)
  2519 | D:3      | Found a runed translucent gate.
  2520 | D:3      | Found a runed translucent gate.
  2521 | D:3      | Identified the +1 chain mail of the Morning {rF+}
  2593 | D:3      | Found an ornate altar of the Wu Jian Council.
  2706 | D:3      | Noticed Natasha
  2716 | D:3      | Killed Natasha
  2813 | D:3      | Noticed Natasha
  2824 | D:3      | Killed Natasha
  2825 | D:3      | Gained mutation: A demonic guardian rushes to your aid.
                  | [demonic ancestry]
  2825 | D:3      | Reached XP level 5. HP: 23/41 MP: 8/8
  3129 | D:4      | Noticed an ogre
  3130 | D:4      | Found a hazy altar of Hepliaklqana.
  3171 | D:4      | Noticed Menkaure
  3198 | D:4      | Noticed a lemure
  3199 | D:4      | Noticed a lemure
  3203 | D:4      | Noticed a lemure
  3204 | D:4      | Killed a lemure
  3206 | D:4      | Killed an ogre
  3210 | D:4      | Shot with a bolt by a kobold

Illustrated notes

Levels and vault maps discovered:
D:1:      dpeg_arrival_radiant, layout_basic
D:2:      layout_rooms, serial_shops, nicolae_shop_stone,
          hellmonk_ecumenical_altar_watching_god
D:3:      layout_basic, nicolae_gozag_seed_capital,
          mainiacjoe_overflow_boulevard, mainiacjoe_overflow_cross_hatched,
          trog_three_pillars_becter, biasface_ghost_orc_armoury, uniq_natasha
D:4:      kennysheep_big_flooded_room, layout_basic, kennysheep_mini_moat,
          nicolae_hepliaklqana_hazy_memory, uniq_menkaure, uniq_pikel

Skill      XL: |  1  2  3  4 |
---------------+-------------+-----
Armour         | 1 2 |  2.4
Axes           | 2 3 |  3.9
Fighting       | 3 |  3.2
Throwing       | |  0.8
Dodging        | |  1.7
Spellcasting   | |  2.0
Translocations | |  2.6

Action                   |  1- 3 |  4- 6 || total
-------------------------+-------+-------++-------
Melee: Hand axe          |   174 |    30 ||   204
Throw: Dart              |     1 |       ||     1
 Cast: Blink             |       |     2 ||     2
  Use: Potion            |       |     1 ||     1
 Stab: Sleeping          |     1 |       ||     1
Armor: Leather armour    |    61 |       ||    61
       Ring mail         |     8 |    12 ||    20
Dodge: Dodged            |   101 |    27 ||   128

Table legend: (Time is in decaauts)
 A = Elapsed time spent in this place.
 B = Non-inter-level travel time spent in this place.
 C = Inter-level travel time spent in this place.
 D = Time resting spent in this place.
 E = Time spent auto-exploring this place.
 F = Levels seen in this place.
 G = Mean time per level.
                   A        B        C        D        E       F      G
               +--------+--------+--------+--------+--------+-----+--------+
         Total |   3242 |   3174 |     68 |      0 |   2461 |   4 |  810.5 |
       Dungeon |   3242 |   3174 |     68 |      0 |   2461 |   4 |  810.5 |
               +--------+--------+--------+--------+--------+-----+--------+

Top non-repeatable levels by time:
     D:1: 1257 daAuts
     D:3: 1055 daAuts
     D:2: 778 daAuts
     D:4: 151 daAuts
